Zazza, neutral female human Wizard --- --.-- ---- |...| |..-- |..-- --...--- ---..| |.<....| |....| |.--...- -.| |.--.--- ---|.||..... |.| |.||...| --..|.|-.--- ---.| |.|---.--- ---...|.|..| --...| |.| |...----..........| ---- |....|--.| --.............)..| ---..| ---.--.--..-- ----.......).....-----....| .|...||......| |......%.........|....--- -----.|.------...-- --..---......--.......| ----.......- ----- ---- .*....----.....-- ............. --....-----..--- -.......... --.....| ---- --a....... --....| --@..... ---.-- |..- --- --- Zazza the Conjurer Experience level: 4 Strength: 16 Dexterity: 13 Constitution: 9 Intelligence: 18 Wisdom: 10 Charisma: 11 Health: 0(51) Energy: 7(37) Def: 0 Gold: 167 Moves: 2095 Dungeon seed: NfzuJl4WeBcrroiQ Game ID: Zazza_1577139148 Your Inventory: Coins $ - 167 gold pieces Weapons a - a blessed +1 quarterstaff p - a +0 orcish dagger s - a +0 elven short sword C - a +0 spear G - a +0 aklys I - a +0 sling Armor e - an uncursed +0 cloak of magic resistance n - an uncursed +0 orcish helm J - an uncursed +0 dwarvish cloak K - a blessed +1 pair of iron shoes Comestibles q - 2 uncursed slime molds Scrolls i - an uncursed scroll of light j - an uncursed scroll of charging k - a blessed scroll of gold detection Spellbooks l - a blessed spellbook of force bolt m - an uncursed spellbook of light Potions f - an uncursed potion of speed g - an uncursed potion of blindness h - a blessed potion of blindness v - an uncursed potion of sleeping B - a blessed potion of fruit juice F - an uncursed potion of extra healing Rings c - an uncursed ring of polymorph d - an uncursed ring of teleport control Wands b - a wand of opening (0:7) D - a wand of magic missile (0:2) Tools A - a blessed tallow candle (0:200) E - 2 uncursed partly used tallow candles (lit) (0:162) Gems r - 2 uncursed jasper stones y - 2 uncursed worthless pieces of blue glass z - an uncursed worthless piece of white glass H - 2 uncursed worthless pieces of violet glass L - 2 uncursed worthless pieces of red glass N - an uncursed worthless piece of yellow glass Y - an uncursed worthless piece of green glass Spells and supernatural/magical abilities: Name Level Category Fail Memory a - force bolt 1 attack 0% 90% l - light 1 divination 0% 90% W - pray for help -- divine ? -- Your skills at the end: Fighting Skills Weapon Skills quarterstaff [Basic] Spellcasting Skills attack spells [Basic] enchantment spells [Basic] Final Attributes: You were piously aligned. You are dead. Vanquished creatures: a gnome king a shrieker 3 gnome lords a gnomish wizard a red naga hatchling a black naga hatchling 5 dwarves 5 orc zombies an iguana an acid blob a hobbit 3 giant rats a brown mold 15 gnomes a gnome zombie 4 jackals a fox 4 kobolds a goblin 4 grid bugs a kobold zombie a newt 57 creatures vanquished. Voluntary challenges: You used a wielded weapon 6 times, starting on turn 26. You were illiterate. You never genocided any monsters. You never polymorphed an object. You changed form 10 times, starting on turn 171. You used no wishes. You never split a pudding. You never wrote Elbereth's name. You never violated your personal moral code. Dungeon overview: The Dungeons of Doom: levels 1 to 2 Level 1 a long staircase Level 2 a fountain stairs to The Gnomish Mines The Gnomish Mines: levels 3 to 4 Level 3 stairs to The Dungeons of Doom Level 4 <- You were here History has recorded: On T:1 you entered the Dungeons of Doom to retrieve the Amulet of Yendor! On T:280 you advanced to experience level 3. On T:491 you reached level 2 of The Dungeons of Doom. On T:1021 you reached level 1 of The Gnomish Mines. On T:1840 you reached level 2 of The Gnomish Mines. Score breakdown: Gold: 167 ( 7569 points) Experience: 4 levels ( 9649 points) Exploration: 4 levels ( 8.51%) ( 7661 points) Discoveries: 1 item ( 0.35%) ( 1767 points) Valuables value: (no points given unless you survive) Artifact value: 0 ( 0 points) Variety of kills: 22 monsters ( 5.77%) ( 7208 points) Turncount: 2095 turns ( -69 points) Survival: died (score multiplied by 80%) Total score: 27028 Latest messages: You displace Armand. You hear some noises. You hear some noises in the distance. You hear some noises. You displace your soldier ant. You displace Armand. The red naga hatchling bites! (2x) The magic missile misses the red naga hatchling. The magic missile hits the red naga hatchling! The red naga hatchling bites! The soldier ant misses the red naga hatchling. The soldier ant stings the red naga hatchling. You kill the red naga hatchling! The soldier ant eats a red naga hatchling corpse. You displace your soldier ant. You see here a rock. A trap door in the ceiling opens and a rock falls on your head! You die... Final status: Goodbye Zazza the Wizard, killed by a falling rock... You died in The Gnomish Mines on dungeon level 4 with 27028 points, and 167 pieces of gold, after 2095 moves. You were level 4 with a maximum of 51 hit points when you died.